 Dungeon Crawl Stone Soup version 0.28.0-45-g0d030f2227 (webtiles) character file.

Game seed: 17897080781382899693

131 101zpm the Chiller (level 4, -1/24 HPs)
             Began as a Deep Elf Ice Elementalist on Apr 20, 2022.
             Was an Initiate of Makhleb.
             Slain by a worm (10 damage)
             ... on level 2 of the Dungeon.
             The game lasted 00:05:12 (3023 turns).

101zpm the Chiller (Deep Elf Ice Elementalist)      Turns: 3023, Time: 00:05:13

Health: -1/24      AC:  3    Str:  5    XL:     4   Next: 91%
Magic:  11/12      EV: 13    Int: 22    God:    Makhleb [......]
Gold:   160        SH:  0    Dex: 15    Spells: 5/12 levels left

rFire   . . .      SeeInvis .   m - staff of cold
rCold   + . .      Faith    .   (no shield)
rNeg    . . .      Spirit   .   a - +0 robe
rPois   .          Reflect  .   (no helmet)
rElec   .          Harm     .   (no cloak)
rCorr   .          Rampage  .   j - +0 pair of gloves
Will    .....                   (no boots)
Stlth   ++........              (no amulet)
HPRegen 0.08/turn               (no ring)
MPRegen 0.13/turn               (no ring)

@: no status effects
A: no striking features
a: Renounce Religion


You were on level 2 of the Dungeon.
You worshipped Makhleb.
Makhleb was noncommittal.
You visited 1 branch of the dungeon, and saw 3 of its levels.

You collected 160 gold pieces.

Inventory:

Missiles
 b - 49 arrows
 d - 89 stones
 q - 11 bolts
Armour
 a - a +0 robe (worn)
 j - a +0 pair of gloves (worn)
Magical Staves
 m - a staff of cold (weapon)
Jewellery
 l - a ring of flight
Wands
 g - a wand of digging (7)
Scrolls
 e - a scroll of acquirement {unknown}
 h - a scroll of teleportation {unknown}
 i - 4 scrolls of identify {unknown}
 k - 2 scrolls of torment {unknown}
 n - a scroll of immolation {unknown}
 p - 3 scrolls of summoning {unknown}
Potions
 c - a potion of ambrosia {unknown}
 f - 2 potions of attraction {unknown}
 o - a potion of resistance {unknown}


   Skills:
 + Level 0.1 Fighting
 + Level 3.0 Dodging
 + Level 3.2 Stealth
 + Level 4.5 Spellcasting
 + Level 5.7 Ice Magic


You had 5 spell levels left.
You knew the following spells:

 Your Spells              Type           Power      Damage    Failure   Level
a - Freeze                Ice            100%       1d11      1%          1
b - Frozen Ramparts       Ice            90%        1d11      3%          3
c - Ozocubu's Armour      Ice            45%        N/A       3%          3

Your spell library contained the following spells:

 Spells                   Type           Power      Damage    Failure   Level
 Ignite Poison            Fire/Tmut/Pois 4%         N/A       32%         3
 Mephitic Cloud           Conj/Pois/Air  4%         N/A       32%         3
 Hailstorm                Conj/Ice       26%        3d7       32%         4
 Freezing Cloud           Conj/Ice/Air   10%        6-21      80%         5


Dungeon Overview and Level Annotations

Branches:
Dungeon (3/15)

Altars:
Ashenzari
Makhleb

Annotations:
D:3 3 runed translucent doors, spica's ghost, amateur HOBe


Message History

There is a stone staircase leading down here.
You see here 11 bolts.
q - 11 bolts Search for what [Enter for "."]? .
(D) Dungeon
Where to? (Enter - D:1 @ (x,y), ? - help)
What level of the Dungeon? (default 1, ? - help)
There is a stone staircase leading down here.
You climb downwards.
There is a stone staircase leading up here.
Done exploring.
Search for what [Enter for "."]? .
(D) Dungeon
Where to? (Enter - D:2, ? - help)
What level of the Dungeon? (default 1, ? - help)
You see here a +0 dagger.
There is an open door here.
Search for what [Enter for "."]? .
Search for what [Enter for "."]? ..
Unknown command.
The worm barely misses you.
You hit the worm but do no damage. You barely miss the worm.
The worm closely misses you.
You barely miss the worm. The worm barely misses you.
You hit the worm.
The worm is lightly wounded.
The worm bites you!
You hit the worm. You freeze the worm.
The worm is moderately wounded.
You hit the worm.
The worm is moderately wounded.
The worm bites you!
You are too injured to fight recklessly!
Aiming: Freeze (safe; 1% risk of failure)
Press: ? - help, Q - select action, (/) - cycle Shift-Dir - straight line, f - worm
Aim: a worm (moderately wounded)
You feel a surge of power!
You freeze the worm.
The worm is moderately wounded.
The worm bites you!
You die...

###########
##..........
#....####### #....# #.
############....######.
#>....@w...............
#.##########....####.##
#.# #....##..... #.#
#....##..... #.#
##.####..... #.#
#.####.....
#.###########.#........
#......................
#.###########.#.#......


You could see a worm.

Vanquished Creatures
  A hound (D:3)
  6 adders
  A worm (D:1)
  An orc (D:3)
  5 bats
  5 endoplasms
  5 giant cockroaches
  6 hobgoblins
  A kobold (D:2)
  2 quokkas
  3 ball pythons
  3 frilled lizards
  4 goblins
  A rat (D:2)
44 creatures vanquished.

Notes
Turn   | Place    | Note
-------+----------+-------------------------------------------
     0 | D:1      | 101zpm the Deep Elf Ice Elementalist began the quest for
                  | the Orb.
     0 | D:1      | Reached XP level 1. HP: 10/10 MP: 6/6
   300 | D:2      | Reached XP level 2. HP: 15/15 MP: 4/8
   945 | D:3      | Reached skill level 5 in Ice Magic
   953 | D:3      | Reached XP level 3. HP: 19/19 MP: 3/10
   969 | D:2      | Learned a level 3 spell: Frozen Ramparts
   973 | D:2      | Learned a level 3 spell: Ozocubu's Armour
  1075 | D:3      | Reached XP level 4. HP: 24/24 MP: 9/11
  1164 | D:3      | Found a burning altar of Makhleb.
  1164 | D:3      | Noticed a blizzard demon
  1172 | D:3      | Noticed a hellwing
  1172 | D:3      | Noticed a hellwing
  1174 | D:3      | Became a worshipper of Makhleb the Destroyer
  1182 | D:3      | Found a broken altar of Ashenzari.
  1667 | D:3      | Found a runed translucent gate.
  1667 | D:3      | Found a runed translucent gate.
  1667 | D:3      | Found a runed translucent gate.
  1668 | D:3      | Noticed spica's ghost (amateur HOBe)
  2256 | D:1      | Found a faded altar of an unknown god.
  2295 | D:1      | You fall into a shaft and drop 1 floor!
  3023 | D:2      | Slain by a worm

Illustrated notes

Levels and vault maps discovered:
D:1:      dpeg_arrival_leaves_temple_mockup, layout_loops_cross,
          shapermc_ecumenical_altar_mp_highgroup, nicolae_wormholes
D:2:      layout_basic
D:3:      layout_basic, makhleb_altar_promises_db, amcnicky_altar_gilded,
          gammafunk_ghost_necromancy

Skill      XL: |  1  2  3  4 |
---------------+-------------+-----
Ice Magic      | 5 |  5.7
Stealth        | 3 |  3.2
Spellcasting   | 4 |  4.5
Dodging        | 3 |  3.0
Fighting       | |  0.1

Action                   |  1- 3 |  4- 6 || total
-------------------------+-------+-------++-------
Melee: Unarmed           |     1 |     1 ||     2
       Staff             |       |    70 ||    70
       Punch             |       |     1 ||     1
 Cast: Freeze            |    27 |    22 ||    49
       Frozen Ramparts   |     1 |       ||     1
 Stab: Sleeping          |       |     3 ||     3
Armor: Robe              |     3 |    17 ||    20
Dodge: Dodged            |    12 |    54 ||    66
